[ AOE2 MATCH · #507216204 ]
UnrankedByzantines vs Gurjaras
Player's team · WIN
Rival team · LOSS
[ REPLAY ANALYSIS · EXTRACTED FROM THE RECORDED GAME ]
Feudal
10:42
Castle
26:07
Imperial
44:11
| APM avg | 47.7 |
| APM peak | 77 |
| eAPM avg | 22.9 |
| Villagers / military | 119 / 108 |
Focus
⚔️ 37.4% · 🌾 62.6%
Hand Cannoneer ×48 · Camel Scout ×35 · Cavalry Archer ×11 · Spearman ×5 · Monk ×3 · Bombard Cannon ×3
Feudal
10:25
Castle
21:28
Imperial
49:59
| APM avg | 30.7 |
| APM peak | 68 |
| eAPM avg | 15.9 |
| Villagers / military | 101 / 106 |
Focus
⚔️ 21.1% · 🌾 78.9%
Scout Cavalry ×41 · Camel Scout ×35 · Shrivamsha Rider ×10 · Armored Elephant ×8 · Militia ×7 · Spearman ×4
Match map
Initial resources + every placement click. Lines = walls · curves = elevation contours. ◆ gold · ⬟ stone · ● berries · ✦ relic · ◌ wall gap
Your base· ✓ Closed at 26:07 · 95t walls · 1 gate(s)
Villain's base· ✓ Closed at 21:28 · 49t walls · 2 gate(s)
Smoothed initial terrain · ◌ = detected wall gap · hover for details
Inputs per minute
— SUMMER - - Villain
Build order — SUMMER
First 150 of 411 actions detected
| 0:01 | Create | Villager (Male) |
| 0:02 | Build | House |
| 0:05 | Build | House |
| 0:08 | Create | Villager (Male) |
| 0:09 | Create | Villager (Male) |
| 0:09 | Create | Villager (Male) |
| 1:28 | Create | Villager (Male) |
| 1:51 | Build | Lumber Camp |
| 2:02 | Create | Villager (Male) |
| 2:41 | Create | Villager (Male) |
| 2:41 | Create | Villager (Male) |
| 2:50 | Create | Villager (Male) |
| 3:13 | Create | Villager (Male) |
| 3:40 | Build | House |
| 3:44 | Create | Villager (Male) |
| 4:03 | Create | Villager (Male) |
| 4:03 | Create | Villager (Male) |
| 4:10 | Build | House |
| 4:23 | Build | House |
| 4:51 | Create | Villager (Male) |
| 4:59 | Create | Villager (Male) |
| 5:05 | Create | Villager (Male) |
| 5:11 | Build | Palisade Wall |
| 6:04 | Create | Villager (Male) |
| 6:04 | Create | Villager (Male) |
| 6:29 | Create | Villager (Male) |
| 6:36 | Build | Mill |
| 7:17 | Create | Villager (Male) |
| 7:28 | Research | Loom |
| 7:37 | Create | Villager (Male) |
| 7:38 | Research | Loom |
| 7:55 | Research | Feudal Age |
| 8:27 | Build | Lumber Camp |
| 9:02 | Build | Barracks |
| 9:28 | Build | House |
| 9:46 | Create | Villager (Male) |
| 10:12 | Create | Villager (Male) |
| 10:14 | Create | Villager (Male) |
| 10:38 | Build | Mining Camp |
| 10:42 | Age | Feudal Age |
| 10:46 | Create | Spearman |
| 10:46 | Create | Spearman |
| 10:49 | Research | Double-Bit Axe |
| 10:50 | Create | Villager (Male) |
| 10:55 | Build | House |
| 11:06 | Build | Watch Tower |
| 11:14 | Create | Villager (Male) |
| 11:14 | Create | Villager (Male) |
| 11:17 | Create | Spearman |
| 11:25 | Build | House |
| 11:27 | Create | Villager (Male) |
| 11:28 | Create | Villager (Male) |
| 11:30 | Create | Villager (Male) |
| 11:45 | Build | Palisade Wall |
| 11:45 | Build | Palisade Wall |
| 11:45 | Build | Palisade Wall |
| 11:45 | Build | Palisade Wall |
| 11:46 | Build | Palisade Wall |
| 11:46 | Build | Palisade Wall |
| 11:46 | Build | Palisade Wall |
| 11:47 | Build | Palisade Wall |
| 11:47 | Build | Palisade Wall |
| 11:47 | Build | Palisade Wall |
| 11:47 | Build | Palisade Wall |
| 11:47 | Build | Palisade Wall |
| 11:58 | Build | Palisade Wall |
| 12:08 | Create | Villager (Male) |
| 12:33 | Build | Watch Tower |
| 12:35 | Create | Villager (Male) |
| 12:58 | Create | Villager (Male) |
| 13:01 | Build | Blacksmith |
| 13:07 | Create | Villager (Male) |
| 13:14 | Create | Villager (Male) |
| 13:33 | Create | Villager (Male) |
| 13:36 | Build | Farm |
| 13:40 | Build | Farm |
| 13:41 | Build | Farm |
| 13:44 | Create | Villager (Male) |
| 13:45 | Create | Villager (Male) |
| 13:53 | Build | Watch Tower |
| 14:00 | Create | Villager (Male) |
| 14:11 | Build | Farm |
| 14:31 | Build | Palisade Wall |
| 14:32 | Create | Villager (Male) |
| 15:04 | Build | Watch Tower |
| 15:15 | Research | Fletching |
| 15:16 | Create | Villager (Male) |
| 15:19 | Build | Palisade Wall |
| 15:25 | Build | Outpost |
| 15:37 | Build | Palisade Wall |
| 15:38 | Build | Palisade Wall |
| 15:38 | Build | Palisade Wall |
| 15:38 | Build | Palisade Wall |
| 15:39 | Build | Palisade Wall |
| 15:39 | Build | Palisade Wall |
| 15:39 | Build | Palisade Wall |
| 15:40 | Build | Palisade Wall |
| 15:43 | Build | Farm |
| 15:44 | Build | Farm |
| 15:46 | Research | Horse Collar |
| 15:47 | Create | Villager (Male) |
| 16:04 | Create | Spearman |
| 16:05 | Create | Spearman |
| 16:10 | Create | Villager (Male) |
| 16:12 | Build | House |
| 16:42 | Build | Watch Tower |
| 16:47 | Create | Villager (Male) |
| 16:54 | Build | Farm |
| 16:54 | Build | Farm |
| 16:54 | Build | Farm |
| 16:55 | Create | Villager (Male) |
| 16:55 | Create | Villager (Male) |
| 17:18 | Build | Watch Tower |
| 17:23 | Build | Palisade Wall |
| 17:23 | Build | Palisade Wall |
| 17:23 | Build | Palisade Wall |
| 17:24 | Build | Palisade Wall |
| 17:24 | Build | Palisade Wall |
| 17:29 | Create | Villager (Male) |
| 17:31 | Build | Mining Camp |
| 17:32 | Create | Villager (Male) |
| 17:42 | Create | Villager (Male) |
| 18:07 | Create | Villager (Male) |
| 18:08 | Create | Villager (Male) |
| 18:30 | Build | Watch Tower |
| 18:36 | Create | Villager (Male) |
| 18:36 | Create | Villager (Male) |
| 18:46 | Build | Palisade Wall |
| 18:47 | Build | Palisade Wall |
| 18:47 | Build | Palisade Wall |
| 18:47 | Build | Palisade Wall |
| 18:47 | Build | Palisade Wall |
| 18:52 | Research | Wheelbarrow |
| 18:55 | Build | House |
| 18:56 | Build | House |
| 19:15 | Build | Palisade Wall |
| 19:15 | Build | Palisade Wall |
| 19:15 | Build | Palisade Wall |
| 19:16 | Build | Palisade Wall |
| 19:16 | Build | Palisade Wall |
| 19:16 | Build | Palisade Wall |
| 19:16 | Build | Palisade Wall |
| 19:17 | Build | Palisade Wall |
| 19:17 | Build | Palisade Wall |
| 19:17 | Build | Palisade Wall |
| 19:24 | Create | Villager (Male) |
| 19:27 | Create | Villager (Male) |
| 19:40 | Build | Outpost |
| 19:51 | Create | Villager (Male) |
| 19:58 | Build | Palisade Wall |
Build order — Villain
First 150 of 225 actions detected
| 0:01 | Create | Villager (Male) ×4 |
| 0:03 | Build | House |
| 0:05 | Build | House |
| 0:41 | Build | Mill |
| 0:47 | Build | House |
| 1:52 | Build | House |
| 2:00 | Create | Villager (Male) |
| 2:01 | Create | Villager (Male) |
| 2:01 | Create | Villager (Male) |
| 2:29 | Create | Villager (Male) |
| 2:29 | Create | Villager (Male) |
| 2:46 | Create | Villager (Male) |
| 2:47 | Create | Villager (Male) |
| 3:06 | Create | Villager (Male) |
| 3:06 | Create | Villager (Male) |
| 3:29 | Create | Villager (Male) |
| 3:30 | Create | Villager (Male) |
| 4:08 | Create | Villager (Male) |
| 4:08 | Create | Villager (Male) |
| 4:09 | Create | Villager (Male) |
| 5:18 | Create | Villager (Male) |
| 5:18 | Create | Villager (Male) |
| 5:20 | Create | Villager (Male) |
| 5:21 | Create | Villager (Male) |
| 5:21 | Create | Villager (Male) |
| 5:21 | Create | Villager (Male) |
| 5:22 | Create | Villager (Male) |
| 5:22 | Create | Villager (Male) |
| 5:22 | Create | Villager (Male) |
| 6:08 | Build | Lumber Camp |
| 7:30 | Build | Barracks |
| 8:14 | Research | Feudal Age |
| 8:15 | Research | Loom |
| 8:23 | Build | Palisade Wall |
| 8:26 | Build | Palisade Gate |
| 8:30 | Build | House |
| 8:51 | Build | House |
| 9:08 | Build | Palisade Wall |
| 9:12 | Build | House |
| 9:14 | Build | House |
| 9:47 | Build | Palisade Gate |
| 9:50 | Build | House |
| 9:53 | Build | House |
| 10:13 | Create | Villager (Male) |
| 10:13 | Create | Villager (Male) |
| 10:25 | Age | Feudal Age |
| 10:26 | Research | Double-Bit Axe |
| 10:27 | Research | Horse Collar |
| 10:31 | Build | Stable |
| 10:35 | Build | House |
| 10:38 | Build | House |
| 11:03 | Build | Palisade Wall |
| 11:18 | Create | Villager (Male) |
| 11:20 | Create | Villager (Male) |
| 11:43 | Build | Blacksmith |
| 11:57 | Build | Palisade Wall |
| 12:37 | Create | Villager (Male) ×5 |
| 12:37 | Create | Villager (Male) ×5 |
| 12:51 | Build | Farm |
| 12:53 | Build | Farm |
| 12:54 | Build | Farm |
| 12:55 | Build | Farm |
| 12:58 | Build | Farm |
| 13:00 | Build | Farm |
| 13:13 | Build | Farm |
| 13:27 | Build | Farm |
| 14:03 | Build | Farm |
| 14:13 | Build | Farm |
| 14:21 | Create | Spearman |
| 14:21 | Create | Spearman |
| 14:28 | Build | Farm |
| 14:55 | Build | Farm |
| 15:47 | Create | Villager (Male) ×5 |
| 16:13 | Create | Spearman |
| 16:14 | Create | Spearman |
| 18:00 | Build | Mining Camp |
| 18:48 | Research | Castle Age |
| 19:02 | Build | Farm |
| 19:04 | Build | Farm |
| 19:05 | Build | Farm |
| 19:19 | Build | Farm |
| 19:20 | Build | Farm |
| 19:29 | Research | Man-at-Arms (upgrade) |
| 19:56 | Research | Forging |
| 20:00 | Create | Militia |
| 20:00 | Create | Militia |
| 20:00 | Create | Militia |
| 20:25 | Build | Lumber Camp |
| 20:50 | Create | Militia |
| 20:51 | Create | Militia |
| 20:51 | Create | Militia |
| 20:53 | Create | Militia |
| 21:28 | Age | Castle Age |
| 21:30 | Research | Long Swordsman (upgrade) |
| 21:36 | Build | Town Center |
| 21:44 | Create | Villager (Male) |
| 21:44 | Create | Villager (Male) |
| 21:44 | Create | Villager (Male) |
| 22:02 | Create | Shrivamsha Rider |
| 22:02 | Create | Shrivamsha Rider |
| 22:35 | Create | Shrivamsha Rider |
| 22:35 | Create | Shrivamsha Rider |
| 22:35 | Create | Shrivamsha Rider |
| 22:44 | Build | Farm |
| 23:07 | Build | Siege Workshop |
| 23:10 | Build | Farm |
| 23:13 | Create | Villager (Male) |
| 23:13 | Create | Villager (Male) |
| 23:13 | Create | Villager (Male) |
| 23:31 | Create | Shrivamsha Rider |
| 23:31 | Create | Shrivamsha Rider |
| 23:55 | Create | Shrivamsha Rider |
| 23:55 | Create | Shrivamsha Rider |
| 23:56 | Create | Shrivamsha Rider |
| 24:17 | Create | Armored Elephant |
| 24:59 | Create | Villager (Male) ×5 |
| 24:59 | Create | Villager (Male) ×5 |
| 25:20 | Create | Armored Elephant |
| 25:52 | Build | Town Center |
| 26:00 | Research | Town Watch |
| 26:01 | Research | Wheelbarrow |
| 26:55 | Create | Armored Elephant |
| 26:58 | Create | Armored Elephant |
| 27:57 | Create | Villager (Male) ×5 |
| 27:57 | Create | Villager (Male) ×4 |
| 28:27 | Build | Farm |
| 29:18 | Build | Castle |
| 29:30 | Research | Heavy Plow |
| 29:31 | Build | Farm |
| 29:33 | Build | Farm |
| 29:43 | Research | Bloodlines |
| 30:26 | Build | Lumber Camp |
| 30:32 | Create | Mangonel |
| 30:38 | Build | Farm |
| 30:41 | Create | Camel Scout |
| 30:41 | Create | Camel Scout |
| 31:03 | Create | Villager (Male) ×5 |
| 31:05 | Create | Villager (Male) |
| 31:05 | Create | Villager (Male) |
| 31:05 | Create | Villager (Male) |
| 31:11 | Create | Villager (Male) ×5 |
| 31:17 | Create | Camel Scout |
| 31:17 | Create | Camel Scout |
| 31:17 | Create | Camel Scout |
| 32:31 | Build | House |
| 32:53 | Build | House |
| 32:59 | Build | House |
| 33:04 | Build | House |
| 33:20 | Create | Armored Elephant |
| 33:20 | Create | Armored Elephant |
Match timeline
| 5:11 | SUMMER · wall_segment Palisade Wall x13 |
| 7:30 | Villain · first_building Barracks |
| 8:23 | Villain · wall_segment Palisade Wall x4 |
| 9:02 | SUMMER · first_building Barracks |
| 9:08 | Villain · wall_segment Palisade Wall x9 |
| 10:25 | Villain · age_up feudal |
| 10:31 | Villain · first_building Stable |
| 10:42 | SUMMER · age_up feudal |
| 11:03 | Villain · wall_segment Palisade Wall x12 |
| 11:45 | SUMMER · wall_segment Palisade Wall x2 |
| 11:45 | SUMMER · wall_segment Palisade Wall x1 |
| 11:45 | SUMMER · wall_segment Palisade Wall x1 |
| 11:45 | SUMMER · wall_segment Palisade Wall x1 |
| 11:46 | SUMMER · wall_segment Palisade Wall x2 |
| 11:46 | SUMMER · wall_segment Palisade Wall x2 |
| 11:46 | SUMMER · wall_segment Palisade Wall x1 |
| 11:47 | SUMMER · wall_segment Palisade Wall x2 |
| 11:47 | SUMMER · wall_segment Palisade Wall x2 |
| 11:47 | SUMMER · wall_segment Palisade Wall x1 |
| 11:47 | SUMMER · wall_segment Palisade Wall x1 |
| 11:47 | SUMMER · wall_segment Palisade Wall x1 |
| 11:57 | Villain · wall_segment Palisade Wall x24 |
| 11:58 | SUMMER · wall_segment Palisade Wall x11 |
| 14:31 | SUMMER · wall_segment Palisade Wall x5 |
| 15:19 | SUMMER · wall_segment Palisade Wall x6 |
| 15:37 | SUMMER · wall_segment Palisade Wall x1 |
| 15:38 | SUMMER · wall_segment Palisade Wall x1 |
| 15:38 | SUMMER · wall_segment Palisade Wall x2 |
| 15:38 | SUMMER · wall_segment Palisade Wall x1 |
| 15:39 | SUMMER · wall_segment Palisade Wall x2 |
| 15:39 | SUMMER · wall_segment Palisade Wall x1 |
| 15:39 | SUMMER · wall_segment Palisade Wall x1 |
| 15:40 | SUMMER · wall_segment Palisade Wall x1 |
| 17:23 | SUMMER · wall_segment Palisade Wall x1 |
| 17:23 | SUMMER · wall_segment Palisade Wall x1 |
| 17:23 | SUMMER · wall_segment Palisade Wall x2 |
| 17:24 | SUMMER · wall_segment Palisade Wall x1 |
| 17:24 | SUMMER · wall_segment Palisade Wall x1 |
| 18:46 | SUMMER · wall_segment Palisade Wall x1 |
| 18:47 | SUMMER · wall_segment Palisade Wall x1 |
| 18:47 | SUMMER · wall_segment Palisade Wall x2 |
| 18:47 | SUMMER · wall_segment Palisade Wall x2 |
| 18:47 | SUMMER · wall_segment Palisade Wall x1 |
| 19:15 | SUMMER · wall_segment Palisade Wall x1 |
| 19:15 | SUMMER · wall_segment Palisade Wall x2 |
| 19:15 | SUMMER · wall_segment Palisade Wall x1 |
| 19:16 | SUMMER · wall_segment Palisade Wall x1 |
| 19:16 | SUMMER · wall_segment Palisade Wall x1 |
| 19:16 | SUMMER · wall_segment Palisade Wall x1 |
| 19:16 | SUMMER · wall_segment Palisade Wall x1 |
| 19:17 | SUMMER · wall_segment Palisade Wall x1 |
| 19:17 | SUMMER · wall_segment Palisade Wall x1 |
| 19:17 | SUMMER · wall_segment Palisade Wall x1 |
| 19:58 | SUMMER · wall_segment Palisade Wall x1 |
| 20:31 | SUMMER · wall_segment Stone Wall x1 |
| 20:31 | SUMMER · wall_segment Stone Wall x1 |
| 20:32 | SUMMER · wall_segment Stone Wall x1 |
| 20:33 | SUMMER · wall_segment Stone Wall x1 |
| 21:10 | SUMMER · wall_segment Stone Wall x1 |
| 21:13 | SUMMER · wall_segment Stone Wall x1 |
| 21:14 | SUMMER · wall_segment Stone Wall x1 |
| 21:14 | SUMMER · wall_segment Stone Wall x1 |
| 21:14 | SUMMER · wall_segment Stone Wall x1 |
| 21:15 | SUMMER · wall_segment Stone Wall x1 |
| 21:28 | Villain · age_up castle |
| 21:37 | SUMMER · wall_segment Palisade Wall x1 |
| 21:42 | SUMMER · wall_segment Palisade Wall x1 |
| 21:42 | SUMMER · wall_segment Palisade Wall x1 |
| 21:42 | SUMMER · wall_segment Palisade Wall x1 |
| 21:43 | SUMMER · wall_segment Palisade Wall x2 |
| 21:43 | SUMMER · wall_segment Palisade Wall x1 |
| 21:43 | SUMMER · wall_segment Palisade Wall x1 |
| 21:43 | SUMMER · wall_segment Palisade Wall x2 |
| 21:44 | SUMMER · wall_segment Palisade Wall x1 |
| 21:45 | SUMMER · wall_segment Palisade Wall x1 |
| 23:07 | Villain · first_building Siege Workshop |
| 23:21 | SUMMER · wall_segment Palisade Wall x1 |
| 23:22 | SUMMER · wall_segment Palisade Wall x2 |
| 23:22 | SUMMER · wall_segment Palisade Wall x1 |
| 23:22 | SUMMER · wall_segment Palisade Wall x2 |
| 23:22 | SUMMER · wall_segment Palisade Wall x1 |
| 23:23 | SUMMER · wall_segment Palisade Wall x1 |
| 23:23 | SUMMER · wall_segment Palisade Wall x1 |
| 23:23 | SUMMER · wall_segment Palisade Wall x1 |
| 23:26 | SUMMER · wall_segment Palisade Wall x1 |
| 23:36 | SUMMER · wall_segment Palisade Wall x1 |
| 23:37 | SUMMER · wall_segment Palisade Wall x1 |
| 23:37 | SUMMER · wall_segment Palisade Wall x1 |
| 23:37 | SUMMER · wall_segment Palisade Wall x1 |
| 23:48 | SUMMER · first_building Archery Range |
| 24:01 | SUMMER · first_building Stable |
| 24:16 | SUMMER · wall_segment Palisade Wall x1 |
| 24:17 | SUMMER · wall_segment Palisade Wall x2 |
| 24:17 | SUMMER · wall_segment Palisade Wall x2 |
| 24:17 | SUMMER · wall_segment Palisade Wall x1 |
| 24:18 | SUMMER · wall_segment Palisade Wall x1 |
| 26:07 | SUMMER · age_up castle |
| 28:49 | SUMMER · first_building Monastery |
| 29:18 | Villain · first_building Castle |
| 30:47 | SUMMER · first_market_buy 100 stone |
| 42:45 | SUMMER · first_building Siege Workshop |
| 43:02 | SUMMER · wall_segment Palisade Wall x1 |
| 44:03 | SUMMER · wall_segment Palisade Wall x1 |
| 44:11 | SUMMER · age_up imperial |
| 44:29 | SUMMER · first_building Castle |
| 49:59 | Villain · age_up imperial |
| 50:43 | SUMMER · wall_segment Stone Wall x10 |
| 51:37 | Villain · resign |
[ AI ANALYSIS · 1 CREDIT ]
What really happened in this match?
Wolo.gg analyzes every decision: build order, eco, micro, common mistakes by bracket. Personalized analysis on WhatsApp or Discord in 30 seconds.
Civ guide
Byzantines
Perfil
Jugador #25845906